 Dungeon Crawl Stone Soup version 0.25.1-2-g60ff931df9 (webtiles) character file.

Game seed: 8650081833135530167

7394 raphaelitos the Spear-Bearer (level 10, -4/90 HPs)
             Began as a Minotaur Fighter on Oct 1, 2020.
             Was a Believer of Trog.
             Killed from afar by a rime drake (12 damage)
             ... with a flash freeze
             ... on level 1 of the Lair of Beasts.
             The game lasted 00:25:20 (11522 turns).

raphaelitos the Spear-Bearer (Minotaur Fighter)    Turns: 11522, Time: 00:25:20

Health: -4/90      AC: 12    Str: 22    XL:     10   Next: 92%
Magic:  9/9        EV: 12    Int:  5    God:    Trog [**....]
Gold:   625        SH:  0    Dex: 12    Spells: 9/9 levels left

rFire    . . .     SeeInvis .   v - +8 scythe (elec)
rCold    + . .     Gourm    .   (shield currently unavailable)
rNeg     . . .     Faith    +   b - +1 scale mail
rPois    .         Spirit   .   (helmet restricted)
rElec    .         Reflect  .   (no cloak)
rCorr    .         Harm     .   x - +0 pair of gloves
MR       +....                  m - +0 pair of boots
Stlth    +.........             E - amulet of faith
HPRegen  0.25/turn              j - ring of protection from magic
MPRegen  0.11/turn              r - ring of protection from cold

@: no status effects
A: retaliatory headbutt, horns 2
a: Berserk, Trog's Hand, Renounce Religion


You were on level 1 of the Lair of Beasts.
You worshipped Trog.
Trog was pleased with you.
You were not hungry.

You visited 3 branches of the dungeon, and saw 11 of its levels.

You collected 625 gold pieces.

Inventory:

Hand Weapons
 a - a +0 long sword
 v - a +8 scythe of electrocution (weapon)
 O - a +0 shortbow
Missiles
 n - 45 sling bullets
 s - 21 bolts
 u - 54 poisoned darts
 L - 7 silver boomerangs (quivered)
 N - 26 arrows
Armour
 b - a +1 scale mail (worn)
 c - a +0 kite shield
 m - a +0 pair of boots (worn)
 x - a +0 pair of gloves (worn)
Jewellery
 j - a ring of protection from magic (left hand)
 r - a ring of protection from cold (right hand)
 E - an amulet of faith (around neck)
 H - an uncursed ring of stealth
Wands
 g - a wand of enslavement (20)
 D - a wand of flame (38)
 F - a wand of digging (10)
 K - a wand of paralysis (21)
 P - a wand of random effects (18)
Scrolls
 e - 2 scrolls of remove curse
 q - 3 scrolls of magic mapping
 y - a scroll of blinking
 z - 4 scrolls of teleportation
 A - a scroll of enchant armour
 G - a scroll of fog
 J - a scroll of identify
 M - a scroll of vulnerability {unknown}
Potions
 d - 3 potions of might
 h - 2 potions of stabbing
 i - 3 potions of flight
 k - 2 potions of cancellation
 l - 2 potions of ambrosia {unknown}
 o - 3 potions of mutation {unknown}
 p - 3 potions of brilliance {unknown}
 t - 2 potions of lignification {unknown}
 B - a potion of invisibility {unknown}
 C - 2 potions of berserk rage {unknown}
 I - a potion of curing {unknown}
 Q - a potion of haste {unknown}
 R - a potion of magic {unknown}
Comestibles
 f - 21 rations


   Skills:
 + Level 8.7 Fighting
 + Level 5.3 Long Blades
   Level 1.0 Maces & Flails
 + Level 12.6 Polearms
 + Level 0.7 Bows
 + Level 0.8 Throwing
 + Level 10.1 Armour
 + Level 4.8 Dodging
 + Level 2.3 Stealth
 + Level 5.3 Shields


You had 9 spell levels left.
You didn't know any spells.
Your spell library was empty.

Dungeon Overview and Level Annotations

Branches:
Dungeon (9/15)             Temple (1/1) D:5            Lair (1/6) D:9
    Orc: D:9-12

Altars:
Ashenzari
Cheibriados
Dithmenos
Elyvilon
Fedhas
Gozag
Hepliaklqana
Kikubaaqudgha
Makhleb
Nemelex Xobeh
Okawaru
Qazlal
Ru
Sif Muna
Trog
Uskayaw
Vehumet
Wu Jian
Xom
Yredelemnul
Zin
The Shining One


Innate Abilities, Weirdness & Mutations

You reflexively headbutt those who attack you in melee.
You have a pair of horns on your head.


Message History

The seven-headed hydra grows two more!
You slice the nine-headed hydra!! You headbutt the nine-headed hydra!
The nine-headed hydra is heavily wounded.
The nine-headed hydra bites you!
The nine-headed hydra bites you but does no damage.
The nine-headed hydra bites you. x2; The nine-headed hydra bites you!
* * * LOW HITPOINT WARNING * * *
The nine-headed hydra bites you but does no damage.
The nine-headed hydra bites you!
* * * LOW HITPOINT WARNING * * *
The nine-headed hydra bites you but does no damage.
The nine-headed hydra closely misses you.
A yak comes into view.
A rime drake comes into view.
The yak bellows!
A yak comes into view.
A yak comes into view.
The yak bellows!
The rime drake breathes ice at you. The flash freeze hits you!
You partially resist.
You die...

.....PP...#P.....................
......................YY..†......
......................Yk....k....
..P....................#.........
..#..###..............##%.......#
.....# #..............##.........
.....# #..............##........#
.##..# #..........D...##........#
. #..###........@.....##........#
#..##...............##........#
.##..###..............#
.##..##P.....<........#
.#...###..............# .##..#
#..............#
.##..###..............#
.#P.....†.............P
.....................


You could see a nine-headed hydra, 3 yaks and a rime drake (catching breath).

Vanquished Creatures
  A two-headed ogre (D:9)
  An unseen horror (D:8)
  A spiny frog (Lair:1)
  A troll (D:9)
  6 slime creatures (D:9)
  A spriggan (D:7)
  A wyvern (D:8)
  Sigmund (D:3)
  4 yaks (Lair:1)
  2 water moccasins
  A porcupine (Lair:1)
  A sky beast (D:6)
  4 orc warriors
  A phantom (D:2)
  2 ogres
  A centaur (D:9)
  2 wolves (D:9)
  A crocodile (D:7)
  4 bullfrogs
  A scorpion (D:7)
  4 wights (D:9)
  3 howler monkeys (D:9)
  4 crimson imps
  10 hounds
  4 jellies
  A gnoll shaman (D:7)
  A bullfrog zombie (D:5)
  5 orc priests
  6 orc wizards
  3 bullfrog skeletons
  2 iguanas
  9 worker ants
  2 killer bee zombies
  A hound zombie (D:7)
  2 hound skeletons
  5 gnolls (D:7)
  6 adders
  2 shadow imps (D:9)
  9 oozes (D:4)
  An adder skeleton (D:5)
  A worm (D:4)
  A dart slug (D:2)
  5 leopard geckos
  27 orcs
  3 ball pythons
  15 bats
  10 giant cockroaches
  9 goblins
  10 hobgoblins
  7 jackals
  14 kobolds
  5 quokkas
  8 frilled lizards
  A jackal zombie (D:5)
  A quokka skeleton (D:5)
  6 rats
  A fungus (D:4)
241 creatures vanquished.

Vanquished Creatures (others)
  6 fungi (D:4)
  6 toadstools (D:4)
12 creatures vanquished.

Grand Total: 253 creatures vanquished

Notes
Turn   | Place    | Note
-------+----------+-------------------------------------------
     0 | D:1      | raphaelitos the Minotaur Fighter began the quest for the
                  | Orb.
     0 | D:1      | Reached XP level 1. HP: 19/19 MP: 0/0
   120 | D:1      | Reached XP level 2. HP: 27/27 MP: 1/1
   495 | D:1      | Reached XP level 3. HP: 28/33 MP: 2/2
  1296 | D:2      | Reached XP level 4. HP: 40/40 MP: 3/3
  1463 | D:2      | Noticed a phantom
  1504 | D:2      | Killed a phantom
  1504 | D:2      | Reached skill level 1 in Dodging
  1504 | D:2      | Reached XP level 5. HP: 16/47 MP: 4/4
  2554 | D:3      | Noticed Sigmund
  2565 | D:3      | Killed Sigmund
  2565 | D:3      | Reached skill level 5 in Long Blades
  2565 | D:3      | Reached skill level 1 in Maces & Flails
  2565 | D:3      | Reached skill level 5 in Shields
  2565 | D:3      | Reached XP level 6. HP: 48/53 MP: 5/5
  2851 | D:4      | Reached skill level 5 in Armour
  3087 | D:4      | Reached skill level 1 in Polearms
  3450 | D:4      | Reached skill level 2 in Polearms
  3450 | D:4      | Reached XP level 7. HP: 33/60 MP: 6/6
  3867 | D:4      | Reached skill level 3 in Polearms
  4260 | D:4      | Reached skill level 4 in Polearms
  4421 | D:4      | Reached skill level 5 in Polearms
  4500 | D:5      | Entered Level 5 of the Dungeon
  4751 | D:5      | Reached XP level 8. HP: 67/67 MP: 7/7
  4825 | D:5      | Found a staircase to the Ecumenical Temple.
  4869 | D:5      | Reached skill level 6 in Polearms
  4885 | D:5      | Reached skill level 5 in Fighting
  4927 | Temple   | Entered the Ecumenical Temple
  5415 | Temple   | Became a worshipper of Trog the Wrathful
  6350 | D:6      | Reached skill level 7 in Polearms
  7700 | D:7      | Reached skill level 8 in Polearms
  7700 | D:7      | Reached XP level 9. HP: 57/75 MP: 8/8
  7827 | D:8      | Found a shimmering altar of Xom.
  8150 | D:8      | Reached skill level 1 in Stealth
  8212 | D:8      | Reached * piety under Trog
  8217 | D:8      | Reached skill level 9 in Polearms
  8807 | D:8      | Killed an unseen horror
  8807 | D:8      | Reached skill level 10 in Polearms
  9091 | D:9      | Found a staircase to the Lair.
  9091 | D:9      | Noticed a troll
  9112 | D:9      | Killed a troll
  9162 | D:9      | Reached XP level 10. HP: 32/86 MP: 9/9
  9175 | D:8      | Reached ** piety under Trog
  9527 | D:9      | Reached skill level 11 in Polearms
 10356 | D:9      | Found a white marble altar of Elyvilon.
 10759 | D:9      | Noticed a two-headed ogre
 10767 | D:9      | Killed a two-headed ogre
 10767 | D:9      | Reached skill level 12 in Polearms
 11207 | Lair:1   | Entered Level 1 of the Lair of Beasts
 11227 | Lair:1   | Reached skill level 10 in Armour
 11505 | Lair:1   | Noticed a spiny frog
 11507 | Lair:1   | Noticed an eight-headed hydra
 11510 | Lair:1   | Killed a spiny frog
 11522 | Lair:1   | Killed from afar by a rime drake

Illustrated notes

Levels and vault maps discovered:
D:1:      mrwooster_arrival_arrow, layout_rooms
D:2:      minmay_door_path, layout_basic
D:3:      minmay_octagon_keep, layout_basic, uniq_sigmund
D:4:      cheibrodos_fertilizer, layout_rooms, minmay_misc_feat_five,
          nzn_random_ring
D:5:      layout_loops_ring, minmay_temple_entry_grid, first_ration
D:6:      layout_basic
D:7:      layout_rooms, the_bakery, hangedman_decor_lopped
D:8:      layout_rooms, xom_teletrap_fun
D:9:      layout_irregular_city, kennysheep_mini_moat, erik_lair_island,
          kennysheep_generic_room_3
Temple:   roderic_octagonal_lattice_temple
Lair:1:   layout_long_grid, nicolae_volcano_entry_lava_flow, lemuel_fruit_tree

Skill      XL: |  1  2  3  4  5  6  7  8  9 10 |
---------------+-------------------------------+-----
Fighting       | 4 6 7 8 |  8.7
Armour         | 4 5 6 7 8 10 | 10.1
Shields        | 4 5 |  5.3
Long Blades    | 3 4 5 |  5.3
Dodging        | 1 2 3 4 |  4.8
Maces & Flails | 1 |  1.0
Polearms       | 2 5 8 10 12 | 12.6
Stealth        | 1 2 |  2.3
Bows           | |  0.7
Throwing       | |  0.8

Action                   |  1- 3 |  4- 6 |  7- 9 | 10-12 || total
-------------------------+-------+-------+-------+-------++-------
Melee: Long sword        |    91 |    57 |       |       ||   148
       Headbutt          |    13 |    25 |    37 |    14 ||    89
       Whip              |       |    24 |       |       ||    24
       Scythe            |       |    40 |   245 |    85 ||   370
 Fire: Shortbow          |       |       |       |    11 ||    11
Throw: Dart              |       |     4 |     1 |       ||     5
       Boomerang         |       |       |       |     1 ||     1
Evoke: Wand              |       |       |       |     1 ||     1
  Use: Scroll            |     2 |     5 |    10 |     1 ||    18
       Potion            |       |       |     4 |       ||     4
  Eat: Chunk             |     1 |     7 |    15 |     4 ||    27
       Ration            |       |       |     1 |     1 ||     2
Armor: Scale mail        |    66 |    58 |   188 |    44 ||   356
Dodge: Dodged            |    43 |    46 |   210 |    75 ||   374
Block: Kite shield       |    59 |    45 |       |       ||   104
       Rpst.: Long sword |    10 |     4 |       |       ||    14
